AoeStats
← Arman Tsarukyan

Arabia

507871270Analyzed
2v2 RM · 13d ago on Sep 20, 2026· 34m 20s· 4 players
Game mode
Random Map
Map size
Medium (4 player)
Population
200
Speed
Normal
Resources
Standard
Victory
Conquest
Starting age
Dark Age
Ending age
Imperial Age
RankedLock teamsTeams togetherTeam positionsShared explorationLock speedFull tech treeHidden civsTurbo modeCheats
Victory
Defeat
🇵🇪 Japanese · Peru
832
+15
🇵🇪 Maya · Peru
827
+15
🇨🇱 Goths · Chile
838
-16
🇨🇱 Cumans · Chile
791
-14
Chapulín
3:21 Loom
11:21 Feudal Age
12:17 Double-Bit Axe
16:18 Horse Collar
25:34 Castle Age
25:30 Forging
25:26 Scale Barding Armor
26:40 Bloodlines
27:43 Bow Saw
28:05 Heavy Plow
29:10 Iron Casting
32:22 Wheelbarrow
31:34 Town Watch
35:05 Chain Barding Armor
Arman Tsarukyan
7:31 Loom
13:37 Feudal Age
17:16 Wheelbarrow
17:48 Double-Bit Axe
17:45 Horse Collar
18:23 Gold Mining
18:58 Stone Mining
24:58 Castle Age
22:56 Man-at-Arms
23:52 Forging
23:43 Scale Mail Armor
26:22 Chain Mail Armor
25:48 Long Swordsman
Inca Tupac Yupanqui
0:55 Loom
12:02 Feudal Age
18:06 Castle Age
18:12 Castle Age
18:58 Eagle Warrior
19:56 Squires
29:02 Double-Bit Axe
29:00 Pikeman
30:52 Forging
31:18 Scale Mail Armor
32:31 Wheelbarrow
32:06 Horse Collar
34:02 Hand Cart
fisico391
10:05 Loom
11:52 Feudal Age
17:01 Castle Age
15:46 Double-Bit Axe
15:55 Stone Mining
20:56 Wheelbarrow
22:23 Forging
34:27 Gold Mining
Connection lost

Rejoining the realm…

Still unreachable

The connection could not be restored.

Session expired

The server has moved on; the page needs a fresh start.